 Dungeon Crawl Stone Soup version 0.32-a0-799-g95e1662365 (webtiles) character file.

Game seed: 1119823623292175430

17 runemasterragnar the Ducker (level 2, -3/21 HPs)
             Began as an Octopode Fighter on Mar 22, 2024.
             Slain by a kobold
             ... wielding a +1 short sword of venom
              (5 damage)
             ... on level 1 of the Dungeon.
             The game lasted 00:00:29 (158 turns).

runemasterragnar the Ducker (Octopode Fighter)       Turns: 158, Time: 00:00:29

Health: -3/21      AC:  1    Str: 15    XL:     2   Next: 62%
Magic:  2/2        EV: 12    Int: 10    God:
Gold:   19         SH:  4    Dex: 11    Spells: 1/1 levels left

rFire   . . .        a - +0 long sword
rCold   . . .        b - +0 buckler
rNeg    . . .        (helmet restricted)
rPois   .            (no amulet)
rElec   .            (no ring)
rCorr   .            (no ring)
SInv    .            (no ring)
Will    .....        (no ring)
Stlth   ++           (no ring)
HPRegen 0.23/turn    (no ring)
MPRegen 0.08/turn    (no ring)
                     (no ring)

%: no passive effects
@: mighty
A: almost no armour, amphibious, 8 rings, camouflage 1, gelatinous body 1,
(nimble swimmer 1), tentacles
a: no special abilities


You were on level 1 of the Dungeon.
You visited 1 branch of the dungeon, and saw 1 of its levels.

You collected 19 gold pieces.

Inventory:

Hand Weapons
 a - a +0 long sword (weapon)
Armour
 b - a +0 buckler (worn)


   Skills:
 + Level 3.1 Fighting
 * Level 2.4 Long Blades
 + Level 3.1 Dodging
 + Level 1.1 Stealth
 + Level 3.1 Shields


You had one spell level left.
You didn't know any spells.
Your spell library contained the following spells:

 Spells                   Type           Power      Damage    Failure   Level
 Cigotuvi's Dreadful Rot  Necr/Alch/Air  0%         N/A       58%         2
 Ignite Poison            Fire/Alch      0%         N/A       99%         4
 Freezing Cloud           Conj/Ice/Air   0%         6-21      100%        5


Dungeon Overview and Level Annotations

Branches:
Dungeon (1/15)

Altars:


Innate Abilities, Weirdness & Mutations

You cannot wear most types of armour.
You are amphibious.
You can wear up to eight rings at the same time.
Your skin changes colour to match your surroundings (Stealth+).
Your rubbery body absorbs attacks. (AC +1, EV +1)
((You are camouflaged when in or above water. (Stealth+)))
You have tentacles for arms and can constrict up to eight enemies at once.


Message History

You slash the quokka!
You kill the quokka!
The jackal barely misses you.
Your Stealth skill increases to level 1!
You hit the jackal. You grab the jackal.
The jackal is almost dead.
You constrict the jackal.
You kill the jackal!
The goblin hits you with a +0 club.
* * * LOW HITPOINT WARNING * * *
You hit the goblin.
You kill the goblin!
You barely miss the hobgoblin. Your grab misses the hobgoblin.
The hobgoblin misses you. You block the hobgoblin's attack.
You barely miss the hobgoblin. You grab the hobgoblin.
You constrict the hobgoblin. The hobgoblin hits you.
* * * LOW HITPOINT WARNING * * *
You hit the hobgoblin.
You kill the hobgoblin!
The jackal bites you but does no damage.
You closely miss the jackal. You grab the jackal. You constrict the jackal.
You block the jackal's attack. The jackal bites you.
* * * LOW HITPOINT WARNING * * *
You hit the jackal but do no damage.
The jackal is moderately wounded.
You constrict the jackal. The jackal closely misses you.
The jackal barely misses you.
You hit the jackal. You squeeze the jackal.
You kill the jackal!
The jackal bites you.
* * * LOW HITPOINT WARNING * * *
You feel very mighty all of a sudden. You block the jackal's attack. x2
You barely miss the jackal. Your grab misses the jackal.
You squeeze the jackal.
You kill the jackal!
The kobold throws a stone.
The stone misses you. You block the rat's attack.
The kobold hits you with a +1 short sword of venom.
You die...

### #.# ... #.# #.# #.#
#.# #.# ##+#.###.#######
#....#..........
#......#.########
+......#.##.....#
#.####....#.#..@K....#
..........#.####r..#....
#....##.###.# .........
####.##.# #.# ##........
#.##.# #.. .........
#####....##### .........
#............+ .........
#.#>..########
....###... #.....#


You could see a kobold and a rat.

Vanquished Creatures
  A dart slug (D:1)
  A goblin (D:1)
  2 hobgoblins (D:1)
  4 jackals (D:1)
  2 quokkas (D:1)
  A bat (D:1)
  2 rats (D:1)
13 creatures vanquished.

Notes
Turn   | Place    | Note
-------+----------+-------------------------------------------
     0 | D:1      | runemasterragnar the Octopode Fighter began the quest for
                  | the Orb.
     0 | D:1      | Reached XP level 1. HP: 16/16 MP: 1/1
   146 | D:1      | Reached XP level 2. HP: 8/21 MP: 2/2
   148 | D:1      | Reached skill level 1 in Stealth
   155 | D:1      | HP: 1/21 [jackal (2)]
   158 | D:1      | Slain by a kobold

Illustrated notes

Levels and vault maps discovered:
D:1:      ebering_trefoil_3fold, layout_basic, amethyst_killhole

Skill      XL: |  1  2 |
---------------+-------+-----
Stealth        | 1 |  1.1
Fighting       | |  3.1
Long Blades    | |  2.4
Dodging        | |  3.1
Shields        | |  3.1

Action                     || total
---------------------------++-------
  Melee: Long sword        ||    26
         Constrict         ||     9
         Tentacles         ||     6
    Use: Potion            ||     1
   Stab: Sleeping          ||     1
 Armour: Skin              ||    15
  Dodge: Dodged            ||    24
  Block: Buckler           ||     7

Table legend: (Time is in decaauts)
 A = Elapsed time spent in this place.
 B = Non-inter-level travel time spent in this place.
 C = Inter-level travel time spent in this place.
 D = Time resting spent in this place.
 E = Time spent auto-exploring this place.
 F = Levels seen in this place.
 G = Mean time per level.
                   A        B        C        D        E       F      G
               +--------+--------+--------+--------+--------+-----+--------+
         Total |    166 |    166 |      0 |      0 |    107 |   1 |  166.0 |
       Dungeon |    166 |    166 |      0 |      0 |    107 |   1 |  166.0 |
               +--------+--------+--------+--------+--------+-----+--------+

Top non-repeatable levels by time:
     D:1: 166 daAuts
